 Dungeon Crawl Stone Soup version 0.25-a0-975-gcae8493d64 (webtiles) character file.

Game seed: 14009472553281584311, levelgen mode: deterministic

452 Esekla the Conjurer (level 7, -3/61 HPs)
             Began as a Naga Conjurer on May 10, 2020.
             Slain by a hound (6 damage)
             ... on level 7 of the Dungeon.
             The game lasted 00:16:41 (1712 turns).

Esekla the Conjurer (Naga Conjurer)                 Turns: 1712, Time: 00:16:41

Health: -3/61      AC:  3    Str: 10    XL:     7   Next: 5%
Magic:  5/12       EV: 10    Int: 17    God:
Gold:   169        SH:  0    Dex: 12    Spells: 9/12 levels left

rFire    . . .     SeeInvis +   s - +0 falchion
rCold    . . .     Gourm    .   (no shield)
rNeg     . . .     Faith    .   a - +0 robe
rPois    +         Spirit   .   (no helmet)
rElec    .         Reflect  .   (no cloak)
rCorr    .         Harm     .   (no gloves)
MR       .....                  (no barding)
Stlth    ++........             l - amulet of the acrobat
HPRegen  0.20/turn              (no ring)
MPRegen  0.13/turn              (no ring)

@: short of breath, mesmerised, very slow
A: large, see invisible, deformed body, poison resistance, slowness 2, slow
metabolism 1, spit poison 1, AC +2
a: Spit Poison


You were on level 7 of the Dungeon.
You were hungry.

You visited 1 branch of the dungeon, and saw 7 of its levels.

You collected 169 gold pieces.

Inventory:

Hand Weapons
 j - a +0 trident
 s - a +0 falchion (weapon)
Missiles
 m - 27 poisoned darts (quivered)
Armour
 a - a +0 robe (worn)
Jewellery
 h - an uncursed amulet of the gourmand
 l - an amulet of the acrobat (around neck)
Wands
 q - a wand of polymorph (4)
Scrolls
 d - a scroll of enchant weapon {unknown}
 e - a scroll of blinking {unknown}
 i - 3 scrolls of identify {unknown}
 p - a scroll of remove curse {unknown}
 r - a scroll of random uselessness {unknown}
 t - a scroll of brand weapon {unknown}
Potions
 b - 2 potions of curing {unknown}
 f - a potion of resistance {unknown}
 g - a potion of flight {unknown}
 k - a potion of stabbing {unknown}
 n - a potion of mutation {unknown}
 o - a potion of ambrosia {unknown}
Comestibles
 c - 3 rations


   Skills:
 * Level 2.8 Fighting
 * Level 0.9 Long Blades
 + Level 0.7 Polearms
 + Level 2.4 Dodging
 - Level 3.0 Stealth
 + Level 3.3 Spellcasting
 + Level 6.2 Conjurations


You had 9 spell levels left.
You knew the following spells:

 Your Spells              Type           Power        Failure   Level  Hunger
a - Magic Dart            Conj           ###.         1%          1    None
e - Searing Ray           Conj           ###...       1%          2    ##.....

Your spell library contained the following spells:

 Spells                   Type           Power        Failure   Level  Hunger
 Dazzling Flash           Conj/Hex       ##....       14%         3    ###....
 Fulminant Prism          Conj/Hex       ##........   43%         4    ####...
 Iskenderun's Mystic Bla  Conj/Tloc      ##......     43%         4    ####...


Dungeon Overview and Level Annotations

Branches:
Dungeon (7/15)
 Temple: D:4-7

Altars:
Fedhas

Annotations:
D:7 Maggie


Innate Abilities, Weirdness & Mutations

You cannot wear boots.
Your serpentine skin is tough. (AC +2)
You have supernaturally acute eyesight. (SInv)
Armour fits poorly on your strangely shaped body.
Your system is resistant to poisons. (rPois)
You cover ground very slowly.
You have a slow metabolism.
You can spit poison.


Message History

Maggie is moderately wounded.
You finish channeling your searing ray.
The hound closely misses you.
Maggie hits you from afar with a +0 glaive!
Casting: Searing Ray (safe; 1% risk of failure)
Confirm with . or Enter, or press ? or * to list all spells.
Aiming: Searing Ray (safe; 1% risk of failure)
Press: ? - help, Shift-Dir - straight line, f/p - Maggie
Aim: Maggie, wielding a +0 glaive and wearing +0 swamp dragon scales (moderately wounded, mesmerising)
The searing ray hits the hound.
The hound is almost dead.
The searing ray hits Maggie.
Maggie is moderately wounded. (Press . to maintain the ray.)
The hound bites you. Maggie gestures at you while chanting.
The bolt of fire hits you!!
Ouch! That really hurt!
* * * LOW HITPOINT WARNING * * *
The hound bites you.
You die...

#. .... #. .... #. #
..... #. #. ..... #. #..
...... # . #. ...
###.......# #. #. .. ..
#.....#..# #.###.
....#.#@###.#..####.....
........h..[............
###.....@......# #......
#######.#....# #......
#............# #......
#...####.#...# #......
#. #........###.#..##
#.#.##.#.....#....
#.............#..#


You could see Maggie (mesmerising) and a hound.

Vanquished Creatures
  A sky beast (D:7)
  A scorpion (D:6)
  A crimson imp (D:7)
  A hound (D:7)
  2 orc wizards
  An orc priest (D:7)
  An iguana (D:7)
  3 worker ants
  A worker ant zombie (D:7)
  3 adders
  An adder skeleton (D:7)
  7 orcs
  A giant cockroach (D:1)
  A goblin (D:3)
  2 hobgoblins
  2 quokkas
  A leopard gecko zombie (D:6)
  A quokka skeleton (D:6)
  2 rats
33 creatures vanquished.

Notes
Turn   | Place    | Note
-------+----------+-------------------------------------------
     0 | D:1      | Esekla the Naga Conjurer began the quest for the Orb.
     0 | D:1      | Reached XP level 1. HP: 15/15 MP: 3/3
   173 | D:2      | Reached XP level 2. HP: 14/24 MP: 1/5
   177 | D:2      | Learned a level 2 spell: Searing Ray
   579 | D:4      | Noticed an ogre
   664 | D:4      | Reached skill level 1 in Fighting
   664 | D:4      | Reached XP level 3. HP: 31/31 MP: 4/6
   690 | D:4      | Found a blossoming altar of Fedhas.
   694 | D:5      | Entered Level 5 of the Dungeon
   831 | D:6      | Reached XP level 4. HP: 35/38 MP: 3/7
   935 | D:6      | Reached skill level 5 in Conjurations
  1014 | D:7      | Reached XP level 5. HP: 40/45 MP: 5/8
  1177 | D:6      | Noticed an orc warrior
  1272 | D:7      | Reached XP level 6. HP: 19/54 MP: 6/10
  1519 | D:7      | Noticed a sky beast
  1520 | D:7      | Reached skill level 6 in Conjurations
  1542 | D:7      | Killed a sky beast
  1542 | D:7      | Reached XP level 7. HP: 6/61 MP: 0/12
  1699 | D:7      | Noticed Maggie
  1712 | D:7      | HP: 3/61 [Maggie/bolt of fire (33)]
  1712 | D:7      | Slain by a hound

Illustrated notes

Levels and vault maps discovered:
D:1:      wander_arrival_estate, layout_basic
D:2:      layout_loops_ring, minitemple, grunt_ministairs_10
D:3:      layout_loops_cross, first_ration,
          chequers_ecumenical_altar_simple_redux, minmay_between
D:4:      layout_cave_pools, gammafunk_temple_overflow_statue,
          lemuel_doored_altar
D:5:      minmay_octagon_keep, layout_loops_ring, st_stairs_6
D:6:      layout_rooms, lemuel_temple_firewalk_b, nemelex_dance_club_becter,
          uniq_sigmund
D:7:      layout_basic, nicolae_tso_carved_into_rock, uniq_maggie

Skill      XL: |  1  2  3  4  5  6 |
---------------+-------------------+-----
Fighting       | 1 2 |  2.8
Conjurations   | 5 6 |  6.2
Dodging        | 2 |  2.4
Spellcasting   | 3 |  3.3
Long Blades    | |  0.9
Polearms       | |  0.7
Stealth        | |  3.0

Action                   |  1- 3 |  4- 6 |  7- 9 || total
-------------------------+-------+-------+-------++-------
Melee: Unarmed           |     3 |       |       ||     3
       Trident           |       |    20 |       ||    20
       Falchion          |       |    14 |       ||    14
Throw: Dart              |       |     3 |       ||     3
 Cast: Magic Dart        |     8 |     3 |     1 ||    12
       Searing Ray       |     6 |    11 |     3 ||    20
 Abil: Spit Poison       |     8 |    12 |     2 ||    22
  Eat: Chunk             |     2 |     3 |       ||     5
Armor: Robe              |     1 |    12 |       ||    13
Dodge: Dodged            |     6 |    38 |     2 ||    46
       Rpst.: Falchion   |       |     5 |       ||     5

Table legend:
 A = Non-vault XP
 B = Vault XP
 C = Vault XP percentage of total XP
 D = Non-vault monster count
 E = Vault monster count
 F = Vault count percentage of total count
                 A         B        C        D         E       F
            +---------+---------+-------+---------+---------+-------
      Total |     642 |       5 |   0.8 |      31 |       2 |   6.1
            +---------+---------+-------+---------+---------+-------
        D:1 |       5 |       0 |   0.0 |       3 |       0 |   0.0
        D:2 |      14 |       0 |   0.0 |       2 |       0 |   0.0
        D:3 |       5 |       5 |  50.0 |       2 |       2 |  50.0
        D:4 |      16 |       0 |   0.0 |       2 |       0 |   0.0
        D:5 |      14 |       0 |   0.0 |       1 |       0 |   0.0
        D:6 |     151 |       0 |   0.0 |       9 |       0 |   0.0
        D:7 |     437 |       0 |   0.0 |      12 |       0 |   0.0
            +---------+---------+-------+---------+---------+-------
